 Dungeon Crawl Stone Soup version 0.29-a0-582-ge82337ba6a (webtiles) character file.

Game seed: 4637901870983337706

70756 ZappyNine the Unseen (level 15, -6/96 HPs)
             Began as a Kobold Brigand on June 9, 2022.
             Was a Believer of Uskayaw.
             Mangled by an ettin simulacrum (15 damage)
             ... in an ice cave on June 14, 2022.
             The game lasted 00:35:58 (22031 turns).

ZappyNine the Unseen (Kobold Brigand)              Turns: 22031, Time: 00:35:59

Health: -6/96      AC: 19    Str: 12    XL:     15   Next: 79%
Magic:  26/26      EV: 25    Int: 15    God:    Uskayaw [**....]
Gold:   1316       SH:  0    Dex: 24    Spells: 24/28 levels left

rFire   . . .      SeeInvis .   m - +9 rapier "Axelu" {drain, Will+ Dex+4}
rCold   + . .      Faith    .   (no shield)
rNeg    . . .      Spirit   .   Q - +5 steam dragon scales
rPois   +          Reflect  .   n - +1 helmet
rElec   .          Harm     .   I - +2 cloak
rCorr   .          Rampage  .   L - +0 pair of gloves
Will    +++..                   (no boots)
Stlth   ++++++++..              C - amulet of regeneration
HPRegen 1.06/turn               a - ring of poison resistance
MPRegen 0.20/turn               j - ring "Guupn" {rC+ Will+ Int+2}

@: no status effects
A: small, no large weapons, nightstalker 3
a: Renounce Religion, Stomp, Line Pass


You were in an ice cave.
You worshipped Uskayaw.
Uskayaw was aware of your devotion.
You visited 3 branches of the dungeon, and saw 21 of its levels.
You also visited: Sewer and Ice Cave.

You collected 1316 gold pieces.

Inventory:

Hand Weapons
 m - the +9 rapier "Axelu" (weapon) {drain, Will+ Dex+4}
   (You acquired it on level 3 of the Dungeon)

   A truly terrible weapon, it drains the life of any living foe it strikes.
   Dex:       It affects your dexterity (+4).
   Will:      It increases your willpower.
Missiles
 d - 33 poisoned darts
 e - 10 curare-tipped darts (quivered)
 V - 5 atropa-tipped darts
Armour
 n - a +1 helmet (worn)
 s - a +2 plate armour of cold resistance
 F - a +2 robe of resistance
 I - a +2 cloak (worn)
 L - a +0 pair of gloves (worn)
 Q - +5 steam dragon scales (worn)
Jewellery
 a - a ring of poison resistance (left hand)
 g - an amulet of magic regeneration
 j - the ring "Guupn" (right hand) {rC+ Will+ Int+2}
   (You found it on level 8 of the Dungeon)

   [ring of protection from cold]

   Int:       It affects your intelligence (+2).
   rC:        It protects you from cold.
   Will:      It increases your willpower.
 C - an amulet of regeneration (around neck)
 E - a ring of wizardry
 P - a ring of protection from cold
Wands
 l - a wand of polymorph (8)
Scrolls
 b - a scroll of noise
 c - a scroll of identify
 o - 2 scrolls of amnesia
 p - 10 scrolls of enchant weapon
 t - 8 scrolls of teleportation
 D - 3 scrolls of fog
 K - a scroll of summoning
 N - 2 scrolls of vulnerability
 O - a scroll of fear
 U - a scroll of poison
 X - a scroll of blinking
Potions
 f - 4 potions of lignification
 h - a potion of haste
 i - 3 potions of flight
 k - 2 potions of attraction
 q - a potion of resistance {unknown}
 r - 8 potions of curing
 u - 3 potions of mutation
 v - 2 potions of invisibility
 w - 2 potions of brilliance
 x - 2 potions of cancellation
 z - 3 potions of heal wounds
 A - 2 potions of ambrosia
 T - 2 potions of might
 Z - a potion of magic


   Skills:
 + Level 11.9 Fighting
 + Level 14.1 Short Blades
 - Level 2.1 Throwing
 - Level 8.4 Armour
 - Level 11.0 Dodging
 * Level 17.3 Stealth
 + Level 7.4 Spellcasting
 - Level 4.3 Transmutations
 - Level 4.3 Poison Magic
 - Level 10.5 Invocations


You had 24 spell levels left.
You knew the following spells:

 Your Spells              Type           Power      Damage    Failure   Level
a - Wereblood             Tmut           18%        N/A       3%          2
b - Poisonous Vapours     Pois/Air       24%        N/A       8%          2

Your spell library contained the following spells:

 Spells                   Type           Power      Damage    Failure   Level
 Sting                    Tmut/Pois      72%        1d6       2%          1
 Ignite Poison            Fire/Tmut/Pois 14%        N/A       12%         3
 Freeze                   Ice            20%        1d4       13%         1
 Slow                     Hex            20%        N/A       13%         1
 Scorch                   Fire           10%        2d6       19%         2
 Static Discharge         Conj/Air       5%         N/A       19%         2
 Olgreb's Toxic Radiance  Pois           18%        N/A       22%         4
 Confusing Touch          Hex            5%         N/A       36%         3
 Conjure Flame            Conj/Fire      5%         6-21      36%         3
 Frozen Ramparts          Ice            10%        1d3       36%         3
 Gell's Gravitas          Tloc           5%         N/A       36%         3
 Lesser Beckoning         Tloc           5%         N/A       36%         3
 Teleport Other           Tloc           5%         N/A       36%         3
 Vampiric Draining        Necr           5%         2d6       36%         3
 Alistair's Intoxication  Tmut/Pois      12%        N/A       52%         5
 Corpse Rot               Necr/Pois/Air  9%         N/A       56%         4
 Cause Fear               Hex            2%         N/A       77%         4
 Flame Wave               Conj/Fire      5%         2d5       77%         4
 Hailstorm                Conj/Ice       5%         3d4       77%         4
 Sticky Flame             Conj/Fire      5%         2d3       77%         4
 Lightning Bolt           Conj/Air       2%         1d14      98%         5
 Summon Cactus Giant      Summ           2%         N/A       100%        6
 Dragon Form              Tmut           9%         N/A       100%        7
 Maxwell's Capacitive Co  Air            2%         ∞         100%        8
 Dragon's Call            Summ           2%         N/A       100%        9


Dungeon Overview and Level Annotations

Branches:
Dungeon (14/15)            Temple (1/1) D:7            Lair (6/6) D:10
  Swamp (0/4) Lair:3       Spider (0/4) Lair:4        Slime (0/5) Lair:5
    Orc (0/2) D:9          Vaults (0/5) D:13          Sewer (visited)
  IceCv (1/1)

Altars:
Ashenzari
Cheibriados
Dithmenos
Elyvilon
Fedhas
Gozag
Hepliaklqana
Kikubaaqudgha
Makhleb
Nemelex Xobeh
Okawaru
Qazlal
Ru
Sif Muna
Trog
Uskayaw
Vehumet
Wu Jian
Xom
Yredelemnul
Zin
The Shining One
Lugonu

Shops:
D:2 :   D:5 :   D:7 (   D:10 (

Portals:
Abyss: Lair:6

Annotations:
D:5 3 runed translucent doors, DocClef's ghost, amateur GnDe
D:12 2 runed translucent doors, dolemite99's ghost, journeyman MeAK
Lair:3 2 transporters, DocClef's ghost, journeyman DrDe
Lair:6 1 runed translucent door, Gorgondantess's ghost, journeyman DgVM


Innate Abilities, Weirdness & Mutations

You are small and have problems with some larger weapons.
You are completely attuned to the shadows.


Message History

The entropy weaver simulacrum is almost destroyed.
The entropy weaver simulacrum closely misses you.
The entropy weaver simulacrum hits you but does no damage.
The entropy weaver simulacrum closely misses you.
The entropy weaver simulacrum hits you but does no damage.
You puncture the entropy weaver simulacrum!
The entropy weaver simulacrum vaporises!
Unknown command.
The lindwurm simulacrum closely misses you.
The lindwurm simulacrum misses you.
The lindwurm simulacrum claws you but does no damage.
You puncture the lindwurm simulacrum!
The lindwurm simulacrum is moderately damaged.
You puncture the lindwurm simulacrum!
The lindwurm simulacrum is severely damaged.
The lindwurm simulacrum bites you. The lindwurm simulacrum freezes you!
You resist.
* * * LOW HITPOINT WARNING * * *
The lindwurm simulacrum claws you but does no damage.
The lindwurm simulacrum misses you.
You impale the lindwurm simulacrum!!
The lindwurm simulacrum vaporises!
Unknown command.
Unknown command.
Casting: Poisonous Vapours (safe; 8% risk of failure)
Confirm with . or Enter, or press ? or * to list all spells.
You can't see any susceptible monsters within range! (Use Z to cast anyway.) Unknown command.
An entropy weaver simulacrum comes into view.
You puncture the ettin simulacrum!
The ettin simulacrum is moderately damaged.
You hit the ettin simulacrum.
The ettin simulacrum is heavily damaged.
You puncture the ettin simulacrum!
The ettin simulacrum is severely damaged.
The ettin simulacrum completely misses you.
The ettin simulacrum hits you!!
* * * LOW HITPOINT WARNING * * *
The ettin simulacrum freezes you! You resist.
You die...

#..##.##.##
##.....##.##
##......#.#
.# ####..#..#
...###
##.##.#
#..#.# ####.#
#...## #.##
##.Z.# ##.#
###@## ##..#
##°###..##
#..##..## Z.
#Z..###.#
#..##.#....##
Z..#.###..##
/.Z..####.#
.!#...##..# 4
##.#...##


You could see an ettin simulacrum and an entropy weaver simulacrum.

Vanquished Creatures
  Gastronok (D:8)
  4 hydras
  A caustic shrike simulacrum (IceCv)
  Erolcha (D:13)
  A death knight (D:9)
  A two-headed ogre (D:11)
  3 centaur warriors
  7 death yaks
  3 thrashing horrors (Lair:6)
  Urug (D:13)
  Sonja (D:13)
  Amaemon (Lair:2)
  A skeletal warrior (D:9)
  A deep troll (D:10)
  A lindwurm (Lair:6)
  An obsidian statue (IceCv)
  3 spriggan simulacra (IceCv)
  Pikel (D:6)
  A deep elf pyromancer (D:13)
  4 ugly things
  3 cyclopes
  2 manticores
  Joseph (D:8)
  10 elephants
  2 smoke demons (Lair:6)
  3 black mambas
  An orange demon (Lair:2)
  7 cane toads
  Maggie (D:7)
  2 kobold demonologists (D:9)
  An efreet (D:13)
  3 rime drakes
  2 unseen horrors (D:12)
  15 komodo dragons
  A freezing wraith (IceCv)
  2 entropy weaver simulacra (IceCv)
  An ancient zyme (Lair:6)
  3 ice devils (IceCv)
  3 meliai (D:13)
  A polar bear (shapeshifter) (D:13)
  3 trolls
  4 polar bears
  A hornet (D:9)
  Grinder (D:6)
  A tarantella (shapeshifter) (D:13)
  5 slime creatures
  23 blink frogs
  Prince Ribbit (D:5)
  A large abomination (Lair:6)
  A jumping spider (shapeshifter) (Lair:6)
  Sigmund (D:4)
  A spriggan (Lair:6)
  2 shadows
  3 ynoxinuls (Lair:6)
  A vampire (D:12)
  63 yaks
  6 basilisks
  Eustachio (D:4)
  A chaos spawn (Lair:6)
  5 wyverns
  6 wraiths
  A hog (shapeshifter) (D:13)
  A steam dragon (Lair:3)
  3 redbacks (Lair:4)
  5 vampire mosquitoes
  5 swamp worms (Lair:3)
  Edmund (D:6)
  A harpy simulacrum (IceCv)
  2 minotaur simulacra (IceCv)
  15 water moccasins
  2 acid dragons (D:12)
  6 orc warriors (D:9)
  An alligator simulacrum (IceCv)
  An ogre (D:6)
  9 wolves
  23 centaurs
  3 lemures (D:6)
  A tengu (shapeshifter) (Lair:6)
  11 small abominations (Lair:6)
  Blork the orc (D:6)
  2 kobold brigands
  A phantom (D:6)
  9 bullfrogs
  2 gnoll sergeants
  2 deep troll simulacra (IceCv)
  2 scorpions
  7 wights
  2 lindwurm simulacra (IceCv)
  2 howler monkeys
  3 electric eels (Lair:5)
  2 bullfrog zombies (D:5)
  2 hounds
  4 jellies
  3 orc priests
  3 gnoll shamans
  Jessica (D:3)
  Ijyb (D:5)
  12 orc wizards
  3 iguanas
  19 gnolls
  8 adders
  6 river rats (D:3)
  A shadow imp (D:7)
  3 white imps
  2 ufetubi
  5 worms
  5 dart slugs
  21 orcs
  5 bats
  12 endoplasms
  6 giant cockroaches
  7 goblins
  7 hobgoblins
  3 jackals (Sewer)
  5 quokkas
  6 ball pythons
  3 frilled lizards
  20 kobolds
  10 rats
542 creatures vanquished.

Vanquished Creatures (others)
  16 fungi
  25 plants
41 creatures vanquished.

Grand Total: 583 creatures vanquished

Notes
Turn   | Place    | Note
-------+----------+-------------------------------------------
     0 | D:1      | ZappyNine the Kobold Brigand began the quest for the Orb.
     0 | D:1      | Reached XP level 1. HP: 12/12 MP: 1/1
   219 | D:1      | Reached XP level 2. HP: 18/18 MP: 2/2
   286 | D:1      | Reached skill level 6 in Stealth
   286 | D:1      | Reached XP level 3. HP: 22/22 MP: 3/3
   678 | D:1      | Found a faded altar of an unknown god.
  1153 | D:2      | Reached XP level 4. HP: 19/27 MP: 4/4
  1806 | D:2      | Found Pocaz's Book Shoppe.
  1980 | D:3      | Reached XP level 5. HP: 32/32 MP: 5/5
  2173 | D:3      | Reached skill level 7 in Stealth
  2238 | D:3      | Noticed Jessica
  2246 | D:3      | Killed Jessica
  2400 | D:3      | HP: 1/32 [worm (5)]
  2459 | D:3      | Reached XP level 6. HP: 5/37 MP: 6/6
  2466 | D:3      | Found a glowing drain.
  2472 | Sewer    | Entered a sewer
  2887 | Sewer    | Noticed a water moccasin
  2891 | Sewer    | Killed a water moccasin
  2892 | Sewer    | Reached skill level 8 in Stealth
  3612 | D:3      | Identified a scroll of acquirement
  3612 | D:3      | Acquired the +9 rapier "Axelu" {drain, Will+ Dex+4}
  3682 | D:4      | Noticed Eustachio
  3686 | D:4      | Killed Eustachio
  3687 | D:4      | Reached skill level 5 in Short Blades
  3687 | D:4      | Reached XP level 7. HP: 43/43 MP: 7/7
  4039 | D:4      | Noticed Sigmund
  4047 | D:4      | Killed Sigmund
  4048 | D:4      | Reached skill level 9 in Stealth
  4358 | D:5      | Entered Level 5 of the Dungeon
  4370 | D:5      | Noticed a water moccasin
  4382 | D:5      | Killed a water moccasin
  4383 | D:5      | Reached XP level 8. HP: 22/48 MP: 8/8
  4623 | D:5      | Noticed Prince Ribbit
  4630 | D:5      | Killed Prince Ribbit
  4631 | D:5      | Reached skill level 5 in Fighting
  4631 | D:5      | Reached skill level 10 in Stealth
  4793 | D:5      | Noticed Ijyb
  4797 | D:5      | Killed Ijyb
  4961 | D:5      | Found Hataxte's Self-Improvement Boutique.
  5317 | D:5      | Found a sacrificial altar of Ru.
  5377 | D:5      | Found a runed translucent gate.
  5378 | D:5      | Found a runed translucent gate.
  5378 | D:5      | Noticed DocClef's ghost (amateur GnDe)
  5379 | D:5      | Found a basalt altar of Yredelemnul.
  5379 | D:5      | Found a runed translucent gate.
  5401 | D:5      | Reached skill level 5 in Dodging
  5618 | D:5      | Found an opulent altar of Gozag.
  6136 | D:6      | Reached skill level 11 in Stealth
  6136 | D:6      | Reached XP level 9. HP: 29/54 MP: 9/9
  6657 | D:6      | Noticed Grinder
  6676 | D:6      | Killed Grinder
  7051 | D:6      | Noticed Blork the orc
  7055 | D:6      | Killed Blork the orc
  7064 | D:6      | Reached skill level 12 in Stealth
  7073 | D:6      | Noticed Edmund
  7077 | D:6      | Killed Edmund
  7224 | D:6      | Noticed Pikel
  7232 | D:6      | Killed Pikel
  7600 | D:6      | Reached XP level 10. HP: 58/61 MP: 10/10
  7808 | D:7      | Noticed Maggie
  7812 | D:7      | Killed Maggie
  7813 | D:7      | Reached skill level 13 in Stealth
  8680 | D:7      | Found a staircase to the Ecumenical Temple.
  8695 | Temple   | Entered the Ecumenical Temple
  8941 | Temple   | Became a worshipper of Uskayaw the Reveller
  9022 | D:7      | Found Sevafull's Weapon Shoppe.
  9177 | D:8      | Reached * piety under Uskayaw
  9182 | D:8      | Reached ** piety under Uskayaw
  9277 | D:8      | Reached *** piety under Uskayaw
  9280 | D:8      | Reached **** piety under Uskayaw
  9292 | D:8      | Reached skill level 14 in Stealth
  9411 | D:8      | Noticed Joseph
  9415 | D:8      | Killed Joseph
  9430 | D:8      | Identified the +1 ring mail of the Realm of Zot {rPois
                  | Int+5}
  9458 | D:8      | Identified the ring "Guupn" {rC+ Will+ Int+2}
  9785 | D:8      | Noticed Gastronok
  9796 | D:8      | Killed Gastronok
  9797 | D:8      | Reached XP level 11. HP: 53/68 MP: 11/11
  9953 | D:8      | Found a blossoming altar of Fedhas.
  9957 | D:8      | Found a snail-covered altar of Cheibriados.
  9961 | D:8      | Found a hazy altar of Hepliaklqana.
 10057 | D:9      | Reached skill level 1 in Invocations
 10183 | D:9      | Paralysed by a hornet for 3 turns
 10331 | D:9      | Found a staircase to the Orcish Mines.
 10338 | D:9      | Reached skill level 5 in Invocations
 10585 | D:9      | Noticed a centaur warrior
 10591 | D:9      | Killed a centaur warrior
 10592 | D:9      | Noticed a white ugly thing
 10678 | D:9      | Noticed a manticore
 10687 | D:9      | Killed a manticore
 10723 | D:9      | Got the Volume of Poisonous Changing
 10825 | D:9      | Noticed a skeletal warrior
 10826 | D:9      | Noticed a death knight
 11099 | D:9      | Killed a skeletal warrior
 11182 | D:9      | Killed a death knight
 11668 | D:10     | Entered Level 10 of the Dungeon
 11697 | D:10     | Noticed a death yak
 11698 | D:10     | Noticed a death yak
 11701 | D:10     | Found a staircase to the Lair.
 11702 | D:10     | Killed a death yak
 11703 | D:10     | Reached skill level 10 in Short Blades
 11703 | D:10     | Reached XP level 12. HP: 74/74 MP: 19/19
 11705 | D:10     | Noticed a death yak
 11708 | D:10     | Killed a death yak
 11710 | D:10     | Reached ***** piety under Uskayaw
 11714 | D:10     | Killed a death yak
 12136 | D:10     | Found Piguiqel's Antique Weapon Emporium.
 12435 | D:10     | Noticed a deep troll
 12446 | D:10     | Killed a deep troll
 12581 | D:11     | Noticed a two-headed ogre
 12599 | D:11     | Killed a two-headed ogre
 12600 | D:11     | Reached skill level 10 in Dodging
 13197 | D:11     | Reached skill level 10 in Fighting
 13440 | Lair:1   | Entered Level 1 of the Lair of Beasts
 13594 | Lair:1   | Reached XP level 13. HP: 82/82 MP: 20/20
 13852 | Lair:1   | Reached skill level 15 in Stealth
 14121 | Lair:1   | Upgraded the game from 0.29-a0-559-g359e09b9d1 to
                  | 0.29-a0-582-ge82337ba6a
 14601 | Lair:2   | Reached skill level 10 in Invocations
 14630 | Lair:2   | Noticed Amaemon
 14634 | Lair:2   | Killed Amaemon
 14843 | Lair:3   | Noticed a five-headed hydra
 14849 | Lair:3   | Killed a five-headed hydra
 14851 | Lair:3   | Noticed a five-headed hydra
 14857 | Lair:3   | Killed a five-headed hydra
 14936 | Lair:3   | Found a staircase to the Swamp.
 15021 | Lair:3   | Found a transporter.
 15206 | Lair:3   | Reached skill level 1 in Armour
 15302 | Lair:3   | Found a transporter.
 15588 | Lair:3   | Noticed DocClef's ghost (journeyman DrDe)
 16054 | Lair:4   | Reached ****** piety under Uskayaw
 16138 | Lair:4   | Found a hole to the Spider Nest.
 16180 | Lair:4   | Reached skill level 5 in Armour
 16309 | Lair:4   | Reached XP level 14. HP: 83/90 MP: 21/21
 17428 | Lair:5   | Learned a level 2 spell: Wereblood
 17431 | Lair:5   | Learned a level 2 spell: Poisonous Vapours
 17488 | Lair:5   | Found a staircase to the Slime Pits.
 17599 | Lair:5   | Reached skill level 1 in Spellcasting
 17663 | Lair:5   | Reached skill level 1 in Poison Magic
 17673 | Lair:5   | Reached skill level 1 in Transmutations
 18097 | Lair:6   | Entered Level 6 of the Lair of Beasts
 18330 | Lair:6   | Found a runed translucent door.
 18330 | Lair:6   | Noticed Gorgondantess's ghost (journeyman DgVM)
 18460 | Lair:6   | Found a glowing silver altar of Zin.
 18686 | Lair:6   | Reached skill level 5 in Spellcasting
 18758 | Lair:6   | Reached XP level 15. HP: 95/95 MP: 20/22
 18879 | Lair:6   | Found a corrupted altar of Lugonu.
 18990 | Lair:6   | Found a one-way gate to the infinite horrors of the Abyss.
 19846 | D:12     | Found a large runed translucent door.
 19847 | D:12     | Found a large runed translucent door.
 20031 | D:12     | Reached skill level 16 in Stealth
 20481 | D:12     | Noticed dolemite99's ghost (journeyman MeAK)
 20705 | D:13     | Noticed Sonja
 20709 | D:13     | Killed Sonja
 21001 | D:13     | Noticed Urug
 21004 | D:13     | Killed Urug
 21025 | D:13     | Found a gate to the Vaults.
 21108 | D:13     | Noticed Erolcha
 21112 | D:13     | Killed Erolcha
 21172 | D:13     | Reached skill level 17 in Stealth
 21374 | D:14     | Found a frozen archway.
 21380 | IceCv    | Entered an ice cave
 22031 | IceCv    | Mangled by an ettin simulacrum

Illustrated notes

Levels and vault maps discovered:
D:1:      dpeg_arrival_water_altar, layout_basic,
          shapermc_ecumenical_altar_mp_urbaneastern
D:2:      layout_basic, serial_shops, nicolae_shop_window_shopping,
          minmay_divided_ellipse
D:3:      layout_loops_cross, lightli_sewer_entry_pipes, serial_park_tiny_1,
          minmay_diced_spiral, uniq_jessica
D:4:      layout_cave_pools, minmay_misc_feat_nine_boxes, nrook_uturn,
          uniq_eustachio, uniq_sigmund
D:5:      layout_gridville, mainiacjoe_overflow_alcove_4,
          general_overflow_altar, nicolae_yredelemnul_ghost_church,
          nicolae_shop_self_help, uniq_ijyb, uniq_prince_ribbit1
D:6:      layout_basic, uniq_blork_the_orc, uniq_edmund, uniq_pikel,
          uniq_grinder
D:7:      layout_cave_pods, minmay_temple_entry_gardened_gates, serial_shops,
          kennysheep_little_box, kennysheep_big_empty_room,
          kennysheep_small_square, uniq_maggie
D:8:      layout_basic, grunt_temple_overflow_diamond, uniq_joseph,
          uniq_gastronok
D:9:      layout_gridville, david_orc_3, hangedman_decor_lopped,
          minmay_pinched_square
D:10:     dreamdust_cave_troll, layout_cave_pools, dpeg_lair_monsters,
          serial_shops, nicolae_shop_statue_plus
D:11:     layout_small_grid, kennysheep_nondescript
D:12:     layout_roguey, ebering_ghost_disaster_area
D:13:     layout_rooms, david_vaults_2, uniq_erolcha, uniq_sonja, uniq_urug
D:14:     minmay_weird_star, layout_rooms, portal_ice_cave_entry_pillars_three,
          serial_shops, nicolae_shop_hallway_stairs, lemuel_flame_loot_1,
          uniq_kirke, uniq_frances
Temple:   regret_index_temple_sphere_string
Lair:1:   layout_small_grid, minmay_holes, serial_bayou_pond_c
Lair:2:   layout_loops_ring, st_stairs_7, uniq_amaemon
Lair:3:   layout_misc_corridors, palyth_hydra_swamp_entry, nzn_ghost_randoct,
          eino_small_chamber_without_monster, lemuel_fruit_fields,
          grunt_megastairs_3
Lair:4:   layout_hall_layers, spider_nest_entry_webs,
          chequers_serial_rivers_room_b, beast_lair_carwin_6
Lair:5:   layout_hall_layers, nicolae_slime_entry_slimehenge,
          serial_bayou_lagoon_b
Lair:6:   hellmonk_lair_end_abyssal_woods, layout_small_grid, basic_altar,
          hellmonk_ghost_happy_afterlife
IceCv:    ice_cave_caverns_03

Skill      XL: |  1  2  3  4  5  6  7  8  9 10 11 12 13 14 15 |
---------------+----------------------------------------------+-----
Short Blades   | 3 4 5 6 8 9 10 12 13 14 | 14.1
Stealth        | 6 7 8 9 11 12 14 15 17 | 17.3
Fighting       | 3 4 5 6 7 8 10 11 | 11.9
Dodging        | 2 3 4 5 6 8 10 11 | 11.0
Invocations    | 9 10 | 10.5
Armour         | 5 8 |  8.4
Spellcasting   | 5 7 |  7.4
Poison Magic   | 3 4 |  4.3
Transmutations | 3 4 |  4.3
Throwing       | |  2.1

Action                   |  1- 3 |  4- 6 |  7- 9 | 10-12 | 13-15 || total
-------------------------+-------+-------+-------+-------+-------++-------
Melee: Dagger            |   100 |   230 |       |       |       ||   330
       Punch             |     1 |     1 |     1 |     4 |     5 ||    12
       Rapier            |       |     1 |   167 |   290 |   693 ||  1151
Throw: Dart              |       |       |     1 |       |     2 ||     3
 Cast: Wereblood         |       |       |       |       |     5 ||     5
       Poisonous Vapours |       |       |       |       |     2 ||     2
Invok: Line Pass         |       |       |       |     4 |     1 ||     5
       Stomp             |       |       |       |     3 |     7 ||    10
       Grand Finale      |       |       |       |     1 |       ||     1
  Use: Potion            |       |     2 |     3 |     4 |     1 ||    10
       Scroll            |       |    12 |       |     5 |    19 ||    36
 Stab: Sleeping          |    14 |    25 |    17 |    51 |    63 ||   170
       Distracted        |       |       |     1 |     1 |     6 ||     8
       Paralysed         |       |       |       |    19 |    61 ||    80
       Confused          |       |       |       |     3 |     1 ||     4
Armor: Robe              |    22 |    45 |    16 |    26 |     9 ||   118
       Skin              |       |    15 |       |       |       ||    15
       Steam dragon scal |       |       |       |       |   150 ||   150
Dodge: Dodged            |    62 |   108 |   106 |   200 |   533 ||  1009

Table legend: (Time is in decaauts)
 A = Elapsed time spent in this place.
 B = Non-inter-level travel time spent in this place.
 C = Inter-level travel time spent in this place.
 D = Time resting spent in this place.
 E = Time spent auto-exploring this place.
 F = Levels seen in this place.
 G = Mean time per level.
                   A        B        C        D        E       F      G
               +--------+--------+--------+--------+--------+-----+--------+
         Total |  21663 |  20913 |    750 |   3685 |  13756 |  23 |  941.9 |
       Dungeon |  14147 |  13677 |    470 |   2403 |   9040 |  14 | 1010.5 |
        Temple |    271 |    202 |     69 |      0 |    187 |   1 |  271.0 |
          Lair |   6153 |   5942 |    211 |    489 |   4470 |   6 | 1025.5 |
         Sewer |    483 |    483 |      0 |    345 |     30 |   1 |  483.0 |
      Ice Cave |    606 |    606 |      0 |    447 |     28 |   1 |  606.0 |
               +--------+--------+--------+--------+--------+-----+--------+

Top non-repeatable levels by time:
     D:5: 1720 daAuts
     D:9: 1621 daAuts
     D:6: 1586 daAuts
  Lair:6: 1525 daAuts
  Lair:4: 1455 daAuts
     D:3: 1282 daAuts
     D:7: 1217 daAuts
     D:2: 1083 daAuts
  Lair:5: 983 daAuts
    D:11: 900 daAuts
    D:10: 868 daAuts
  Lair:3: 832 daAuts
     D:8: 817 daAuts
     D:1: 802 daAuts
    D:13: 796 daAuts
